 Dungeon Crawl Stone Soup version 0.30-b1-2-g02819fbbbe (webtiles) character file.

Game seed: 14954942964394206560

101303 MirrMurr the Marksspriggan (level 15, -10/80 HPs)
             Began as a Spriggan Hunter on May 21, 2023.
             Was the Champion of Dithmenos.
             Mangled by Donald
             ... wielding a +0 eveningstar
              (22 damage)
             ... on level 1 of the Shoals.
             The game lasted 01:09:43 (27934 turns).

MirrMurr the Marksspriggan (Spriggan Hunter)       Turns: 27934, Time: 01:09:43

Health: -10/80     AC: 10    Str:  9    XL:     15   Next: 83%
Magic:  0/23       EV: 30    Int: 14    God:    Dithmenos [******]
Gold:   1733       SH:  0    Dex: 21    Spells: 6/15 levels left

rFire   + . .        a - +1 arbalest (heavy)
rCold   + . .        (shield currently unavailable)
rNeg    . . .        K - +0 steam dragon scales
rPois   .            w - +1 hat
rElec   .            Y - scarf {rC+ rF+}
rCorr   +            (gloves unavailable)
SInv    +            (boots unavailable)
Will    ++...        j - amulet of guardian spirit
Stlth   +++++        J - ring of Woxuarch {rCorr AC+4 Int+3 Dex-3}
HPRegen 0.33/turn    Q - +4 ring of slaying
MPRegen 0.18/turn

%: guardian spirit
@: wreathed by umbra, slow
A: very small, no large weapons, unfitting armour, see invisible, speed 3
a: Renounce Religion, Shadow Step, Shadow Form


You were on level 1 of the Shoals.
You worshipped Dithmenos.
Dithmenos was exalted by your worship.
You visited 5 branches of the dungeon, and saw 24 of its levels.
You also visited: Trove and Ossuary.

You collected 2469 gold pieces.
You spent 736 gold pieces at shops.

Inventory:

Hand Weapons
 a - a +1 heavy arbalest (weapon)
 c - a +0 dagger of venom
 d - a +1 whip of electrocution
 B - a +3 shortbow of flaming
Missiles
 e - 27 poisoned darts
 n - 182 stones
 u - 4 curare-tipped darts
 v - 8 boomerangs
 R - 3 throwing nets
Armour
 w - a +1 hat (worn)
 K - +0 steam dragon scales (worn)
 Y - a scarf of resistance (worn)
 Z - a +2 buckler
Jewellery
 g - a ring of poison resistance
 j - an amulet of guardian spirit (around neck)
 l - a ring of fire
 m - a ring of willpower
 J - the ring of Woxuarch (left hand) {rCorr AC+4 Int+3 Dex-3}
   (You found it on level 3 of the Dungeon)

   [ring of protection]

   AC:        It affects your AC (+4).
   Int:       It affects your intelligence (+3).
   Dex:       It affects your dexterity (-3).
   rCorr:     It protects you from acid and corrosion.
 Q - a +4 ring of slaying (right hand)
 T - a ring of flight
Wands
 t - a wand of digging (7)
 L - a wand of flame (31)
 N - a wand of paralysis (5)
 O - a wand of roots (36)
 S - a wand of polymorph (6)
 U - a wand of light (5)
Scrolls
 b - 6 scrolls of immolation
 f - 16 scrolls of teleportation
 h - 5 scrolls of fog
 i - 2 scrolls of identify
 o - 4 scrolls of vulnerability
 y - 3 scrolls of blinking
 z - a scroll of fear
 D - 2 scrolls of poison
 I - 3 scrolls of magic mapping
Potions
 k - a potion of ambrosia
 p - 2 potions of invisibility
 q - 2 potions of brilliance
 r - 8 potions of might
 s - 10 potions of lignification
 x - 13 potions of curing
 A - 4 potions of heal wounds
 C - 2 potions of haste
 E - 9 potions of flight
 F - 3 potions of cancellation
 G - a potion of mutation
 H - 3 potions of berserk rage
 P - 3 potions of resistance
Miscellaneous
 V - a phantom mirror
 W - a phial of floods
 X - a tin of tremorstones (2/2)


   Skills:
 - Level 10.0 Fighting
 - Level 18.0 Ranged Weapons
 - Level 10.0 Throwing
 - Level 14.0 Dodging
 + Level 10.1 Stealth
 + Level 0.9 Spellcasting
 + Level 1.1 Translocations
 - Level 10.0 Invocations
 - Level 10.0 Evocations


You had 6 spell levels left.
You knew the following spells:

 Your Spells              Type           Power      Damage    Failure   Level
B - Blink                 Tloc           6%         N/A       26%         2
O - Teleport Other        Tloc           3%         N/A       45%         3
S - Summon Lightning Spi  Summ/Air       0%         N/A       95%         4

Your spell library contained the following spells:

 Spells                   Type           Power      Damage    Failure   Level
 Freeze                   Ice            0%         1d3       26%         1
 Lesser Beckoning         Tloc           6%         N/A       26%         2
 Momentum Strike          Conj/Tloc      4%         3d8       32%         2
 Poisonous Vapours        Pois/Air       0%         N/A       38%         2
 Wereblood                Tmut           0%         N/A       38%         2
 Gell's Gravitas          Tloc           3%         N/A       45%         3
 Frozen Ramparts          Ice            0%         1d1       63%         3
 Hailstorm                Conj/Ice       0%         3d3       63%         3
 Ignite Poison            Fire/Tmut/Pois 0%         N/A       63%         3
 Inner Flame              Hex/Fire       0%         N/A       63%         3
 Mephitic Cloud           Conj/Pois/Air  0%         N/A       63%         3
 Ozocubu's Armour         Ice            0%         N/A       63%         3
 Iskenderun's Mystic Bla  Conj/Tloc      2%         2d3       91%         4
 Anguish                  Hex/Necr       0%         N/A       95%         4
 Animate Armour           Summ/Erth      0%         N/A       95%         4
 Animate Dead             Necr           0%         N/A       95%         4
 Fulminant Prism          Conj/Hex       0%         3d5       95%         4
 Freezing Cloud           Conj/Ice/Air   0%         6-21      100%        5
 Summon Mana Viper        Hex/Summ       0%         N/A       100%        5
 Yara's Violent Unravell  Hex/Tmut       0%         3d3       100%        5
 Enfeeble                 Hex            0%         N/A       100%        7
 Haunt                    Necr/Summ      0%         N/A       100%        7
 Ozocubu's Refrigeration  Ice            0%         4d7       100%        7
 Spellforged Servitor     Conj/Summ      0%         N/A       100%        7
 Storm Form               Tmut/Air       0%         N/A       100%        7
 Infestation              Necr           0%         N/A       100%        8
 Maxwell's Capacitive Co  Air            0%         ∞         100%        8


Dungeon Overview and Level Annotations

Branches:
Dungeon (15/15)            Temple (1/1) D:4            Lair (5/5) D:10
 Shoals (1/4) Lair:3        Snake (0/4) Lair:2        Slime (0/5) Lair:4
    Orc (2/2) D:12            Elf (0/3) Orc:2        Vaults (0/5) D:14
 Depths (0/4) D:15        Ossuary (visited)

Altars:
Cheibriados
Dithmenos
Elyvilon
Fedhas
Qazlal
Ru
Sif Muna
Uskayaw
Vehumet
Wu Jian
Xom
Zin
Jiyva

Shops:
D:7 *   D:10 *   Orc:2 ([[***?[

Annotations:
D:5 exclusion: statue
D:7 2 runed translucent doors, Sassenached's ghost, novice DgWn
D:13 1 runed translucent door
Lair:3 3 runed translucent doors, KamiKatze's ghost, journeyman DEWn
Shoals:1 Donald


Innate Abilities, Weirdness & Mutations

You are very small and have problems with some larger weapons.
You are too small for most types of armour.
You have supernaturally acute eyesight. (SInv)
You cover ground extremely quickly. (Speed+++)


Message History

Donald is nearby!
Press: ? - help, v - describe, . - travel
Here: Donald, wielding a +0 eveningstar, wearing a +0 chain mail and wearing a +0 kite shield (umbra)
The floor.
You shoot a bolt.
The bolt hits Donald but does no damage.
You shoot a bolt.
Donald blocks the bolt.
Your shadow shoots a bolt.
Donald blocks the bolt.
You shoot a bolt. The bolt hits Donald!!
Donald is moderately wounded.
Your shadow shoots a bolt.
The bolt hits Donald but does no damage.
Donald mumbles some strange words.
Donald seems to speed up.
You shoot a bolt.
Donald blocks the bolt.
Donald says, "Tides?
I despise tides.
No, wait, I hate tides!"
Donald shakes his head.
Donald mumbles some strange words.
Donald seems to grow stronger.
Donald says, "This tentacle just came out of nowhere and touched me.
I hate tentacles!"
Donald says, "Careful; you might trip over your own shadow."
Donald says, "At least this place doesn't smell as bad as the Swamp."
Donald says, "I don't understand half of what these people say.
It's all Greek to me."
You shoot a bolt.
Donald blocks the bolt.
Your shadow shoots a bolt.
Donald blocks the bolt.
You shoot a bolt. The bolt hits Donald!!!
Donald is severely wounded.
Donald completely misses you.
Donald hits you with a +0 eveningstar!!!
You emit a cloud of dark smoke.
Donald hits you with a +0 eveningstar!
You are too injured to fight recklessly!
You are too injured to fight recklessly!
Unknown command.
You enter the shallow water.
Moving in this stuff is going to be slow.
Donald attacks as you move away! Donald hits you with a +0 eveningstar!!
* * * LOW HITPOINT WARNING * * *
You emit a cloud of dark smoke.
Donald is no longer moving quickly.
Donald hits you with a +0 eveningstar!!
You die...

.~~...~≈.######### ##†...~~~≈≈≈
.....~~~.# ##...~~~≈≈≈
~....~~).# ##..~~~≈≈≈
....~~.<.# #).###..~~~~≈≈≈
........## ##......~≈≈≈≈≈
)...#.### #......~~~~~≈≈≈≈
...##.## ##.....~~~~~≈≈≈≈
.......##########..$.~~~~~~≈≈≈≈
#....~~....§§§§@@~...~~≈≈≈≈≈≈≈≈
#....~~~...§§§§§~~~..~~~≈≈≈≈≈≈≈
)...#.~~~~.§§§§§~~~..~~≈≈≈≈≈≈≈≈
..###.~~~~....§~~~...~~≈≈≈≈≈≈≈
.## ##.~~~~###.~~~~.~~~≈ ##
#..~~.# #...~~~~~~≈ #
##.~~..###.~~~~~~~~≈
##..~......~~~~~~~~≈≈
####....~....~


You could see Donald (strong).

Vanquished Creatures
  Mlioglotl (Shoals:1)
  Rupert (Lair:5)
  Jorgrun (D:15)
  Kirke (Lair:3)
  A juggernaut zombie (D:15)
  A stone giant (Orc:2)
  A dire elephant (Lair:5)
  A fire dragon (shapeshifter) (D:15)
  2 merfolk impalers (Shoals:1)
  5 hydras
  2 catoblepae
  7 centaur warriors
  A spriggan skeleton (D:15)
  4 ogre magi
  4 boulder beetles
  17 two-headed ogres
  A deep troll shaman (Lair:5)
  A tengu warrior (D:10)
  3 death yaks (Lair:5)
  A vampire mage (D:15)
  2 orc high priests
  Nergalle (Lair:2)
  2 deep trolls (Orc:2)
  2 skeletal warriors (D:15)
  2 skysharks
  A sea snake (Shoals:1)
  A necromancer (D:15)
  6 orc knights
  2 deep elf pyromancers (D:13)
  A wizard (D:14)
  Pikel (D:5)
  An ugly thing (D:10)
  2 orc sorcerers
  7 cyclopes
  3 manticores
  4 fauns (Shoals:1)
  A frost giant skeleton (D:15)
  4 elephants (Lair:5)
  6 black mambas
  4 merfolk sirens
  A torpor snail (Lair:5)
  8 cane toads
  2 water nymphs (Shoals:1)
  A gargoyle (D:12)
  2 rime drakes
  3 efreet
  2 komodo dragons
  Psyche (D:9)
  A kobold demonologist (D:9)
  2 unseen horrors
  A tengu conjurer (D:15)
  8 merfolk
  A wind drake (Shoals:1)
  6 trolls
  13 polar bears
  3 snapping turtles (Shoals:1)
  11 blink frogs (Lair:1)
  7 dream sheep (Lair:4)
  Sigmund (D:2)
  9 slime creatures
  A shadow (D:7)
  5 centaur simulacra
  A water elemental (Shoals:1)
  A vampire (D:10)
  33 yaks
  3 hogs (Shoals:1)
  A wraith (D:9)
  5 wyverns
  7 basilisks
  A death yak simulacrum (D:13)
  2 steam dragons
  11 vampire mosquitoes
  4 wargs
  A glowing shapeshifter zombie (D:15)
  16 water moccasins
  4 nagas (Lair:2)
  An acid dragon (D:11)
  13 black bears
  22 orc warriors
  3 ice beasts
  19 ogres
  22 centaurs
  26 wolves
  4 lemures (D:5)
  2 phantoms
  4 kobold brigands
  13 bullfrogs
  A two-headed ogre simulacrum (D:13)
  4 gnoll sergeants
  2 scorpions
  A cane toad simulacrum (D:13)
  8 wights
  7 electric eels
  6 howler monkeys (D:12)
  A lava snake (Lair:1)
  19 orc priests
  2 hounds
  A gnoll bouda (Orc:2)
  3 sleepcaps
  Jessica (D:4)
  Natasha (thrice) (D:2)
  3 iguanas
  A polar bear simulacrum (D:13)
  20 orc wizards
  2 spriggan simulacra (D:13)
  8 mummies (Ossuary)
  17 gnolls
  6 adders
  2 naga simulacra (D:13)
  A shadow imp (D:6)
  3 white imps
  2 ufetubi
  2 worms (D:3)
  3 dart slugs
  51 orcs
  10 ball pythons
  5 bats
  6 endoplasms
  8 giant cockroaches
  4 gnoll zombies (Ossuary)
  9 goblins
  8 hobgoblins
  17 jackals
  4 quokkas
  A frilled lizard (D:3)
  2 hobgoblin zombies (Ossuary)
  16 kobolds
  2 kobold zombies (Ossuary)
  6 rats
695 creatures vanquished.

Vanquished Creatures (others)
  56 fungi
  126 plants
  7 withered plants (D:15)
189 creatures vanquished.

Grand Total: 884 creatures vanquished

Notes
Turn   | Place    | Note
-------+----------+-------------------------------------------
     0 | D:1      | MirrMurr the Spriggan Hunter began the quest for the Orb.
     0 | D:1      | Reached XP level 1. HP: 10/10 MP: 2/2
   111 | D:1      | Reached XP level 2. HP: 13/14 MP: 3/3
   421 | D:1      | Reached XP level 3. HP: 18/18 MP: 4/4
   982 | D:2      | Noticed Jessica
  1075 | D:2      | Noticed Natasha
  1149 | D:2      | Reached skill level 5 in Ranged Weapons
  1190 | D:2      | Noticed Sigmund
  1245 | D:2      | Killed Sigmund
  1246 | D:2      | Reached skill level 6 in Ranged Weapons
  1246 | D:2      | Reached XP level 4. HP: 16/22 MP: 2/5
  1246 | D:2      | Reached XP level 5. HP: 18/25 MP: 2/6
  1361 | D:2      | Reached skill level 5 in Dodging
  1526 | D:2      | Killed Natasha
  1527 | D:2      | Reached XP level 6. HP: 30/30 MP: 7/7
  1588 | D:2      | Learned a level 2 spell: Blink
  1674 | D:3      | Identified the ring of Woxuarch {rCorr AC+4 Int+3 Dex-3}
  1768 | D:3      | Noticed a water moccasin
  1892 | D:2      | Noticed Natasha
  2041 | D:2      | Killed a water moccasin
  2153 | D:2      | Killed Natasha
  2154 | D:2      | Reached skill level 7 in Ranged Weapons
  2186 | D:2      | Noticed Natasha
  2200 | D:2      | Killed Natasha
  2465 | D:3      | Found Zin's Purification Station.
  2470 | D:3      | Found a glowing silver altar of Zin.
  2476 | D:3      | Bought a potion of curing for 90 gold pieces
  2506 | D:3      | Found a sacrificial altar of Ru.
  2586 | D:3      | Found a shadowy altar of Dithmenos.
  2695 | D:3      | Became a worshipper of Dithmenos the Shadowed
  2820 | D:3      | Found a faded altar of an unknown god.
  3306 | D:4      | Killed Jessica
  3477 | D:4      | Reached XP level 7. HP: 33/33 MP: 8/8
  3612 | D:4      | Found a staircase to the Ecumenical Temple.
  3619 | Temple   | Entered the Ecumenical Temple
  3955 | D:4      | Found a blossoming altar of Fedhas.
  4074 | D:5      | Entered Level 5 of the Dungeon
  4199 | D:5      | Found a radiant altar of Vehumet.
  4222 | D:5      | Reached skill level 1 in Invocations
  4383 | D:5      | Noticed Pikel
  4697 | D:5      | Reached skill level 8 in Ranged Weapons
  4855 | D:5      | Killed Pikel
  4856 | D:5      | Reached XP level 8. HP: 37/37 MP: 9/11
  5034 | D:5      | Reached skill level 9 in Ranged Weapons
  5720 | D:6      | Reached * piety under Dithmenos
  6501 | D:7      | Found a sand-covered staircase.
  6507 | Ossuary  | Entered an ossuary
  6533 | Ossuary  | Reached XP level 9. HP: 41/41 MP: 13/13
  6562 | Ossuary  | Reached ** piety under Dithmenos
  6770 | D:7      | Reached skill level 10 in Ranged Weapons
  6882 | D:7      | Found a large runed translucent door.
  6883 | D:7      | Found a large runed translucent door.
  6885 | D:7      | Noticed Sassenached's ghost (novice DgWn)
  6896 | D:7      | Found Lumilier's General Store.
  6926 | D:7      | Found a white marble altar of Elyvilon.
  7320 | D:8      | Found a shimmering altar of Xom.
  7330 | D:8      | Found a snail-covered altar of Cheibriados.
  7436 | D:8      | Reached skill level 5 in Invocations
  8357 | D:8      | Reached skill level 11 in Ranged Weapons
  8541 | D:8      | Reached skill level 10 in Dodging
  8902 | D:9      | Reached XP level 10. HP: 41/46 MP: 13/15
  9021 | D:9      | Noticed Psyche
  9038 | D:9      | Killed Psyche
  9645 | D:10     | Entered Level 10 of the Dungeon
  9747 | D:10     | Reached *** piety under Dithmenos
  9748 | D:10     | Reached skill level 12 in Ranged Weapons
  9772 | D:10     | Reached skill level 5 in Stealth
 10037 | D:10     | Found a staircase to the Lair.
 10102 | D:10     | Found Itownuam's Lightly-Used Armoury.
 10238 | D:10     | Noticed an orc knight
 10395 | D:10     | Killed an orc knight
 10396 | D:10     | Reached skill level 13 in Ranged Weapons
 10396 | D:10     | Reached skill level 1 in Evocations
 10396 | D:10     | Reached XP level 11. HP: 49/49 MP: 17/17
 10533 | D:10     | Noticed a tengu warrior
 10559 | D:10     | Killed a tengu warrior
 10569 | D:10     | Noticed a seven-headed hydra
 10596 | D:10     | Killed a seven-headed hydra
 10978 | D:10     | Noticed an ogre mage
 11111 | D:10     | Noticed a centaur warrior
 11122 | D:10     | Killed a centaur warrior
 11254 | D:10     | Killed an ogre mage
 11493 | D:10     | Reached **** piety under Dithmenos
 11821 | D:10     | Noticed a centaur warrior
 11837 | D:10     | Killed a centaur warrior
 11922 | D:10     | Noticed a white ugly thing
 11996 | D:10     | Killed a white ugly thing
 11997 | D:10     | Reached skill level 14 in Ranged Weapons
 11997 | D:10     | Reached skill level 5 in Evocations
 12519 | D:11     | Noticed a two-headed ogre
 12535 | D:11     | Killed a two-headed ogre
 12536 | D:11     | Reached skill level 10 in Stealth
 13108 | Lair:1   | Entered Level 1 of the Lair of Beasts
 13177 | D:10     | Reached XP level 12. HP: 39/54 MP: 14/19
 13854 | Lair:1   | Reached ***** piety under Dithmenos
 13891 | Lair:1   | Reached skill level 15 in Ranged Weapons
 15104 | Lair:2   | You fall into a shaft and drop 1 floor!
 15279 | Lair:2   | Found a staircase to the Snake Pit.
 15395 | Lair:2   | Noticed Nergalle
 15437 | Lair:2   | Killed Nergalle
 15638 | Lair:2   | Reached skill level 10 in Invocations
 16198 | Lair:2   | Noticed a five-headed hydra
 16210 | Lair:2   | Killed a five-headed hydra
 16274 | Lair:3   | Found a runed translucent gate.
 16275 | Lair:3   | Found a runed translucent gate.
 16276 | Lair:3   | Found a runed translucent gate.
 16280 | Lair:3   | Noticed a minotaur
 16283 | Lair:3   | Identified the +8 war axe of Voofof {freeze, Dex+3}
 16299 | Lair:3   | Noticed a catoblepas
 16320 | Lair:3   | Noticed KamiKatze's ghost (journeyman DEWn)
 16345 | Lair:3   | Reached XP level 13. HP: 58/61 MP: 19/21
 16450 | Lair:3   | Reached skill level 1 in Throwing
 16612 | Lair:3   | Found a stormy altar of Qazlal.
 16891 | Lair:3   | Found a staircase to the Shoals.
 17498 | Lair:4   | Reached skill level 16 in Ranged Weapons
 17779 | Lair:4   | Identified the +6 scimitar "MirrMurr's Curse" {drain, Will+
                  | Str-5 Dex+2}
 17824 | Lair:4   | Found a viscous altar of Jiyva.
 17824 | Lair:4   | Found a staircase to the Slime Pits.
 17979 | Lair:4   | Reached skill level 5 in Fighting
 18113 | Lair:5   | Entered Level 5 of the Lair of Beasts
 18155 | Lair:5   | Noticed Rupert
 18263 | Lair:5   | Reached ****** piety under Dithmenos
 18475 | Lair:5   | Killed Rupert
 18526 | Lair:5   | Reached skill level 10 in Evocations
 19085 | Lair:5   | Reached skill level 17 in Ranged Weapons
 19148 | Lair:5   | Reached skill level 5 in Throwing
 19273 | Lair:5   | Reached XP level 14. HP: 70/70 MP: 22/22
 19653 | Lair:5   | Learned a level 3 spell: Teleport Other
 20284 | D:12     | Found a staircase to the Orcish Mines.
 20495 | D:12     | Found a hide-covered altar of Uskayaw.
 21144 | D:13     | Found a portal to a secret trove of treasure.
 21237 | D:13     | Reached skill level 18 in Ranged Weapons
 21252 | D:13     | You paid a toll of 5 scrolls of blinking to enter a
                  | treasure trove
 21253 | Trove    | Entered a treasure trove
 21331 | Trove    | Got Sif Muna's Quarto of Unhallowed Arts and the Volley
 21363 | Trove    | Got Qaunemin's Codex of Changing Apparitions
 21378 | Trove    | Learned a level 4 spell: Summon Lightning Spire
 21834 | D:13     | Found a runed translucent door.
 21848 | D:13     | Noticed a fire giant
 22280 | D:14     | Found a gate to the Vaults.
 22359 | D:14     | You fall into a shaft and drop 1 floor!
 22359 | D:15     | Entered Level 15 of the Dungeon
 22497 | D:15     | Found an ornate altar of the Wu Jian Council.
 23041 | D:15     | Noticed Jorgrun
 23059 | D:15     | Killed Jorgrun
 24393 | D:15     | Reached XP level 15. HP: 75/75 MP: 23/23
 24415 | D:15     | Found a staircase to the Depths.
 24607 | Orc:1    | Entered Level 1 of the Orcish Mines
 24853 | Orc:2    | Entered Level 2 of the Orcish Mines
 25038 | Orc:2    | Found a staircase to the Elven Halls.
 25052 | Orc:2    | Found Rizxoam's Armour Shop.
 25141 | Orc:2    | Found Zeikk's Assorted Antiques.
 25410 | Orc:2    | Found Gyboib's Weapon Shoppe.
 25585 | Orc:2    | Found Fucs's Assorted Antiques.
 25586 | Orc:2    | Found Ywegacu's Assorted Antiques.
 25596 | Orc:2    | Found Qeitab's Antique Armour Boutique.
 25599 | Orc:2    | Bought 2 scrolls of brand weapon for 646 gold pieces
 25608 | Orc:2    | Found Menutu's Antique Armour Shop.
 25701 | Orc:2    | Found Qab Foaw's Magic Scroll Emporium.
 26556 | Orc:1    | Reached skill level 10 in Throwing
 26833 | Shoals:1 | Entered Level 1 of the Shoals
 26879 | Shoals:1 | Noticed Kirke
 26899 | Lair:3   | Killed Kirke
 27654 | Shoals:1 | Noticed Mlioglotl
 27736 | Shoals:1 | Killed Mlioglotl
 27737 | Shoals:1 | Reached skill level 10 in Fighting
 27887 | Shoals:1 | Noticed Donald
 27896 | Shoals:1 | Reached skill level 1 in Translocations
 27934 | Shoals:1 | Mangled by Donald

Illustrated notes

Levels and vault maps discovered:
D:1:      dpeg_arrival_brainrot, layout_loops_ring
D:2:      layout_rooms, uniq_sigmund, uniq_jessica, uniq_natasha
D:3:      layout_loops_ring, mainiacjoe_overflow_tiny_flanked,
          nicolae_ru_path_of_blood, zin_purify, serial_forest,
          infiniplex_forest_lined_2, infiniplex_forest_corner_1,
          infiniplex_forest_clump_C, infiniplex_forest_lined_room_2,
          infiniplex_forest_zigzag_1, infiniplex_forest_clump_medium,
          infiniplex_forest_lined_3_way, infiniplex_forest_clump_curved,
          infiniplex_forest_clump_C, chequers_ecumenical_altar_simple,
          grunt_ministairs_4, hex_medium
D:4:      layout_basic, mainiacjoe_overflow_boulevard,
          minmay_temple_entry_statues_pillars, kennysheep_decorative_pillar
D:5:      layout_layer_cave, vehumet_statue, uniq_pikel
D:6:      layout_cave_pools
D:7:      layout_loops_ring, lemuel_crystal_altar, ebering_ghost_disaster_area,
          nicolae_ossuary_entry_plus, serial_shops, shop
D:8:      layout_loops_ring, amethyst_overflow_temple_binary
D:9:      layout_loops_cross, minmay_misc_feat_x, minmay_chambers_of_fives,
          uniq_psyche
D:10:     layout_long_grid, due_lair_maze_entry_diamond, serial_bayou,
          serial_bayou_lake_a, serial_bayou_crossing, serial_bayou_pond_c,
          serial_bayou_pond_d, minmay_shop_damaged, minivault_28
D:11:     layout_irregular_city
D:12:     layout_roguey, orc_0_dummy, eat_drink_and_be_merry_uskayaw
D:13:     layout_stronghold, serial_ice, serial_ice_e, serial_ice_o,
          serial_ice_n, serial_ice_i, portal_ice_cave_entry_ice_simulacra,
          enter_trove_1, roderic_lattice_a, kennysheep_treasure_room
D:14:     layout_roguey, david_vaults_1, hangedman_decor_riveting
D:15:     gammafunk_depths_entry_grave, layout_long_grid,
          nicolae_wu_jian_wuxing_cycle, hangedman_abyss_or_decor_stabs,
          serial_park_tiny_2, uniq_jorgrun
Temple:   nicolae_temple_great_sept
Lair:1:   beast_lair_carwin_large_4, layout_gridlike, serial_bayou_lagoon_b
Lair:2:   layout_long_grid, guppyfry_snake_entry_garden, patterned_corridor,
          uniq_nergalle
Lair:3:   layout_cave_pods, elwin_shoals_entry_stream, basic_altar,
          maelrawn_ghost_gauntlet_escape, grunt_megastairs_1
Lair:4:   layout_cave_shapes, dpeg_slime_entry_enclosed
Lair:5:   grunt_lair_end_beastmaster, layout_gridlike, grunt_megastairs_5,
          uniq_rupert
Shoals:1: layout_shoals, uniq_mlioglotl, uniq_kirke, uniq_donald
Orc:1:    layout_caves, guppyfry_orc_lava_fort
Orc:2:    st_orc_open, layout_caves, serial_shops, shop,
          nicolae_shop_statue_plus, shop, nicolae_shop_scrapyard

Skill      XL: |  1  2  3  4  5  6  7  8  9 10 11 12 13 14 15 |
---------------+----------------------------------------------+-----
Dodging        | 3 4 5 6 7 8 10 12 14 | 14.0
Ranged Weapons | 6 7 8 9 11 13 14 15 17 18 | 18.0
Invocations    | 3 4 6 7 8 10 | 10.0
Stealth        | 2 7 10 | 10.1
Evocations     | 1 5 8 10 | 10.0
Fighting       | 4 6 7 10 | 10.0
Throwing       | 5 8 10 | 10.0
Translocations | 1 |  1.1
Spellcasting   | |  0.9

Action                     |  1- 3 |  4- 6 |  7- 9 | 10-12 | 13-15 || total
---------------------------+-------+-------+-------+-------+-------++-------
   Fire: Shortbow          |   121 |   178 |   513 |    41 |       ||   853
         Arbalest          |       |       |       |   812 |  1165 ||  1977
  Evoke: Wand              |       |       |       |     2 |       ||     2
    Use: Scroll            |     1 |    12 |     5 |     8 |     8 ||    34
         Potion            |       |       |       |       |     2 ||     2
 Armour: Robe              |     4 |     6 |    21 |       |       ||    31
         Steam dragon scal |       |       |       |    66 |    56 ||   122
  Dodge: Dodged            |    40 |    58 |   135 |   551 |   580 ||  1364
